 Dungeon Crawl Stone Soup version 0.31.0-9-g3a7656b989 (webtiles) character file.

Game seed: 16834869147504432613

521 sipior the Apothecary (level 7, -7/52 HPs)
             Began as a Formicid Alchemist on Feb 2, 2024.
             Killed by divine providence
             ... invoked by an orc priest
              (16 damage)
             ... on level 4 of the Dungeon.
             The game lasted 00:12:53 (3198 turns).

sipior the Apothecary (Formicid Alchemist)          Turns: 3198, Time: 00:12:54

Health: -7/52      AC:  3    Str: 12    XL:     7   Next: 46%
Magic:  3/12       EV: 12    Int: 17    God:
Gold:   210        SH:  0    Dex: 14    Spells: 4/13 levels left

rFire   . . .        k - +0 trident
rCold   . . .        (no shield)
rNeg    . . .        a - +0 robe
rPois   .            (helmet unavailable)
rElec   .            (no cloak)
rCorr   .            (no gloves)
SInv    +            e - +0 pair of boots
Will    .....        (no amulet)
Stlth   +++          (no ring)
HPRegen 0.28/turn    (no ring)
MPRegen 0.13/turn

%: no passive effects
@: no status effects
A: permanent stasis, dig shafts and tunnels, antennae 3, four strong arms
a: Dig, Shaft Self


You were on level 4 of the Dungeon.
You visited 1 branch of the dungeon, and saw 4 of its levels.

You collected 210 gold pieces.

Inventory:

Hand Weapons
 k - a +0 trident (weapon)
 q - the +6 hand axe "Hiet" {flame, rPois rC+ Will+ Int-5}
   (You found it on level 4 of the Dungeon)

   Int-5:     It affects your intelligence (-5).
   rC+:       It protects you from cold.
   rPois:     It protects you from poison Will+: It increases your willpower.
Armour
 a - a +0 robe (worn)
 e - a +0 pair of boots (worn)
Scrolls
 c - 2 scrolls of identify {unknown}
 d - a scroll of noise {unknown}
 f - a scroll of enchant weapon {unknown}
 g - a scroll of amnesia {unknown}
 m - a scroll of fear {unknown}
 n - a scroll of silence {unknown}
 r - a scroll of blinking {unknown}
 s - a scroll of butterflies {unknown}
Potions
 b - a potion of magic
 h - a potion of invisibility {unknown}
 i - a potion of degeneration {unknown}
 j - 2 potions of mutation {unknown}
 l - a potion of might {unknown}
 o - a potion of heal wounds {unknown}
 p - a potion of ambrosia {unknown}


   Skills:
 + Level 3.3 Fighting
 - Level 2.3 Armour
 - Level 2.0 Dodging
 + Level 4.9 Stealth
 + Level 3.9 Spellcasting
 - Level 1.0 Conjurations
 + Level 1.5 Fire Magic
 + Level 5.8 Alchemy


You had 4 spell levels left.
You knew the following spells:

 Your Spells              Type           Power      Damage    Failure   Level
a - Sting                 Conj/Alch      60%        1d6       3%          1
b - Olgreb's Toxic Radia  Alch           23%        N/A       14%         4
c - Sticky Flame          Fire/Alch      15%        2d5       34%         4

Your spell library contained the following spells:

 Spells                   Type           Power      Damage    Failure   Level
 Mercury Vapours          Alch/Air       26%        N/A       7%          2
 Cigotuvi's Dreadful Rot  Necr/Alch/Air  18%        N/A       11%         2
 Mephitic Cloud           Conj/Alch/Air  11%        N/A       19%         3
 Inner Flame              Hex/Fire       5%         N/A       34%         3
 Ignite Poison            Fire/Alch      15%        N/A       34%         4
 Flame Wave               Conj/Fire      7%         2d5       67%         4
 Freezing Cloud           Conj/Ice/Air   2%         6-21      98%         5


Dungeon Overview and Level Annotations

Branches:
Dungeon (4/15)
 Temple: D:4-7

Altars:
Elyvilon
Gozag
Okawaru
Ru

Shops:
D:1 (


Innate Abilities, Weirdness & Mutations

You cannot be hasted, slowed, berserked, paralysed or teleported.
You can dig through walls and to a lower floor.
You have a pair of large antennae on your head. (SInv)
Your four strong arms can wield two-handed weapons with a shield.


Message History

* * * LOW HITPOINT WARNING * * *
The orc hits you but does no damage.
The orc priest casts a cantrip, but nothing happens.
The orc hits you with a +0 hand axe.
* * * LOW HITPOINT WARNING * * *
The orc hits you with a +0 hand axe.
* * * LOW HITPOINT WARNING * * *
The orc attacks as it pursues you! The orc closely misses you.
The orc priest attacks as it pursues you!
The orc priest barely misses you.
Casting: Sting (safe; 3% risk of failure)
Confirm with . or Enter, or press ? or * to list all spells.
Okay, then.
The orc attacks as it pursues you! The orc misses you.
Casting: Sting (safe; 3% risk of failure)
Confirm with . or Enter, or press ? or * to list all spells.
Aiming: Sting (safe; 3% risk of failure)
Press: ? - help, Shift-Dir - straight line, f - orc
Aim: an orc, wielding a +0 hand axe (74% to hit)
The sting hits the orc.
The orc is poisoned.
The orc is moderately wounded.
The orc closely misses you.
Reach: k) +0 trident
Press: ? - help, Dir - move target, f - orc
Aim: an orc, wielding a +0 hand axe (about 43% to evade your +0 trident)
You reach to attack!
You hit the orc.
You kill the orc!
Reach: k) +0 trident
Press: ? - help, Dir - move target, f - orc
Aim: an orc, wielding a +0 hand axe (moderately wounded, poisoned, about 43% to evade your +0 trident)
You reach to attack!
You hit the orc.
You kill the orc!
Reach: k) +0 trident
Press: ? - help, Dir - move target, f - orc priest
Aim: an orc priest, wielding a +0 short sword and wearing a +0 ring mail (severely wounded, about 39% to evade your +0 trident)
You reach to attack!
You hit the orc priest.
The orc priest is severely wounded.
The orc priest invokes the aid of Beogh against you.
Beogh smites you!
You die...

## .### ### ...#
#######.## .###
##..##....# ###
.#.####.....#..####.##
......#.....#....#...##
..................o...#
....##..........@##...##
.
...#####+#.......#.....#
. ##.# #.............##
.## ##.#
#..............##..#...
...#
#.....................#
...#
#.......#..###.....####
...#
#........>.##......#
...#
#..........#..#....#
...# ...........###.##


You could see an orc priest.

Vanquished Creatures
  Sigmund (D:2)
  A black bear (D:4)
  A scorpion (D:4)
  A hound (D:4)
  An orc priest (D:4)
  An iguana (D:4)
  Terence (D:2)
  3 adders
  2 ribbon worms
  A dart slug (D:2)
  8 orcs
  6 ball pythons
  2 bats
  2 endoplasms
  5 giant cockroaches
  3 hobgoblins
  2 jackals (D:2)
  3 quokkas
  A frilled lizard (D:2)
  8 goblins
  5 kobolds
  8 rats
66 creatures vanquished.

Notes
Turn   | Place    | Note
-------+----------+-------------------------------------------
     0 | D:1      | sipior the Formicid Alchemist began the quest for the Orb.
     0 | D:1      | Reached XP level 1. HP: 13/13 MP: 3/3
   192 | D:1      | Found Elicvaw's Weapon Shoppe.
   213 | D:1      | Reached skill level 1 in Conjurations
   264 | D:1      | Reached XP level 2. HP: 20/20 MP: 3/5
   295 | D:1      | Found a faded altar of an unknown god.
   549 | D:2      | Noticed Terence
   779 | D:2      | Reached XP level 3. HP: 24/25 MP: 2/6
   823 | D:2      | Reached skill level 1 in Fighting
   959 | D:2      | Noticed Sigmund
   981 | D:2      | Killed Sigmund
   982 | D:2      | Reached skill level 5 in Alchemy
   982 | D:2      | Reached XP level 4. HP: 23/33 MP: 1/8
   982 | D:2      | Reached XP level 5. HP: 27/38 MP: 1/9
   982 | D:2      | Reached XP level 6. HP: 31/44 MP: 1/10
  1095 | D:2      | You fall into a shaft and drop 1 floor!
  1222 | D:3      | Learned a level 4 spell: Olgreb's Toxic Radiance
  1427 | D:2      | Killed Terence
  1690 | D:2      | Learned a level 4 spell: Sticky Flame
  2363 | D:3      | Found a sacrificial altar of Ru.
  2702 | D:4      | Identified the +6 hand axe "Hiet" {flame, rPois rC+ Will+
                  | Int-5}
  2781 | D:4      | Found an opulent altar of Gozag.
  2789 | D:4      | Found an opulent altar of Gozag.
  2789 | D:4      | Found an opulent altar of Gozag.
  2817 | D:4      | Found an opulent altar of Gozag.
  2864 | D:4      | Noticed a black bear
  2879 | D:4      | Killed a black bear
  2880 | D:4      | Reached skill level 1 in Fire Magic
  2880 | D:4      | Reached XP level 7. HP: 20/52 MP: 5/12
  3085 | D:4      | Found an iron altar of Okawaru.
  3097 | D:4      | Found a white marble altar of Elyvilon.
  3198 | D:4      | Killed from afar by an orc priest

Illustrated notes

Levels and vault maps discovered:
D:1:      scummos_arrival_simple_fountains, layout_rooms,
          basic_ecumenical_altar, serial_shops,
          nicolae_shop_bloodbath_and_beyond
D:2:      layout_loops_cross, kennysheep_nub, uniq_sigmund, uniq_terence
D:3:      layout_basic, nicolae_overflow_hidden_temple
D:4:      layout_cave_pools, nicolae_gozag_conspicuous_consumption,
          mainiacjoe_overflow_big_doors, temple_hall_moat,
          roderic_serpentine_path

Skill      XL: |  1  2  3  4  5  6 |
---------------+-------------------+-----
Conjurations   | 1 |  1.0
Dodging        | 2 |  2.0
Fighting       | 2 3 |  3.3
Stealth        | 3 4 |  4.9
Armour         | 2 |  2.3
Spellcasting   | 3 |  3.9
Alchemy        | 5 |  5.8
Fire Magic     | 1 |  1.5

Action                     |  1- 3 |  4- 6 |  7- 9 || total
---------------------------+-------+-------+-------++-------
  Melee: Unarmed           |     1 |       |       ||     1
         Spear             |    15 |    13 |       ||    28
         Trident           |       |    11 |    10 ||    21
         Punch             |       |     1 |       ||     1
   Cast: Sting             |    41 |    63 |     5 ||   109
         Olgreb's Toxic Ra |       |     4 |     1 ||     5
Ability: Shaft Self        |       |     1 |       ||     1
   Stab: Sleeping          |     1 |       |       ||     1
 Armour: Robe              |    18 |    42 |    13 ||    73
  Dodge: Dodged            |    20 |    46 |    10 ||    76
